[Event "Titled Tuesday Blitz December 27 Early 2022"]
[White "Belozerov, Andrei"]
[Black "Aravindh, Chithambaram VR."]
[WhiteFideId "4120213"]
[BlackFideId "5072786"]
[WhiteElo "2461"]
[BlackElo "2633"]
[Result "0-1"]
[Round "11"]
[TimeControl "180+2"]
[Date "2022.12.27"]
[WhiteClock "0:00:12"]
[BlackClock "0:00:14"]

1. d4 b6 2. e4 Bb7 3. Bd3 g6 4. f4 Bg7 5. Nf3 e6 6. O-O d5 7. e5 Ne7 8. Be3 c5 9. dxc5 Nbc6 10. c3 Nf5 11. Bf2 d4 12. cxd4 O-O 13. Nc3 Nfxd4 14. Nxd4 Nxd4 15. cxb6 Qxb6 16. Be4 Bxe4 17. Nxe4 Rad8 18. Nd6 Rxd6 19. exd6 Rd8 20. Rc1 Bf6 21. Rc4 Rxd6 22. b3 Rd5 23. Qd3 Qa6 24. Bxd4 Bxd4+ 25. Kh1 Bf6 26. Qe2 Kg7 27. Re4 Qd6 28. Qf3 h5 29. Re2 Rd3 30. Re3 Rd4 31. Re4 Rd5 32. Re2 a5 33. g3 Kh7 34. Kg2 Bd8 35. Rc1 Bb6 36. Qe4 Rd2 37. Rf1 Rd4 38. Qf3 Rd3 39. Qe4 Rd4 40. Qf3 Bc5 41. Rfe1 h4 42. Rf1 Rd3 43. Qe4 Rd4 44. Qf3 Bb6 45. gxh4 Rd5 46. Re5 Rd3 47. Qe4 Rd2+ 48. Kh1 Rxa2 49. h5 Qd2 50. hxg6+ Kh6 51. Rh5+ Kxh5 52. Qf3+ Kxg6 53. Qg4+ Kh7 54. Qh5+ Kg7 55. Qg5+ Kf8 56. Qh6+ Ke8 57. Qh8+ Kd7 58. Qh3 Qd5+ 59. Qf3 Qxf3+ 60. Rxf3 Rf2 61. Rd3+ Ke7 62. h4 Rxf4 63. Rh3 Bf2 64. h5 Rh4 65. Rxh4 Bxh4 66. h6 Bf6 67. h7 Bh8 68. Kg2 f5 69. Kf3 Kd6 70. Kf4 Kd5 71. Kg5 Ke4 72. Kg6 f4 73. Kf7 f3 74. Kg8 Ba1 75. h8=Q Bxh8 76. Kxh8 f2 77. Kg8 f1=Q 78. Kg7 Ke5 79. Kg8 Qf6 80. Kh7 Qg5 81. b4 Kf6 82. b5 Qg7# 0-1


[Site "https://www.chess.com"]

[Event "Titled Tuesday Blitz December 27 Early 2022"]
[White "Bilan, Danila"]
[Black "Najdin, Danil"]
[WhiteFideId "24161918"]
[BlackFideId "4172426"]
[WhiteElo "2303"]
[BlackElo "2235"]
[Result "1-0"]
[Round "11"]
[TimeControl "180+2"]
[Date "2022.12.27"]
[WhiteClock "0:00:06"]
[BlackClock "0:00:01"]

1. d4 Nf6 2. Nf3 e6 3. g3 c5 4. Bg2 cxd4 5. Nxd4 Nc6 6. O-O d5 7. c4 Bc5 8. Nb3 Be7 9. cxd5 Nxd5 10. e4 Ndb4 11. Qg4 Bf6 12. Nc3 h5 13. Qe2 b6 14. e5 Ba6 15. Nb5 Nxe5 16. Bxa8 Qxa8 17. f4 Ng4 18. Nc7+ Ke7 19. Nxa6 Nxa6 20. Qxa6 h4 21. Qe2 hxg3 22. Qg2 gxh2+ 23. Kh1 Qxg2+ 24. Kxg2 Rc8 25. Kf3 h1=Q+ 26. Rxh1 1-0


[Site "https://www.chess.com"]

[Event "Titled Tuesday Blitz December 27 Early 2022"]
[White "Bintang, Rasyid A. Hidayat"]
[Black "Begunov, Konstantin"]
[WhiteFideId "7105355"]
[BlackFideId "4118510"]
[WhiteElo "1820"]
[BlackElo "2325"]
[Result "0-1"]
[Round "11"]
[TimeControl "180+2"]
[Date "2022.12.27"]
[WhiteClock "0:00:02"]
[BlackClock "0:00:13"]

1. d4 d5 2. Bf4 c6 3. Nd2 Bf5 4. e3 e6 5. c4 Bd6 6. Bxd6 Qxd6 7. Qb3 Qc7 8. Rc1 Nf6 9. Ngf3 Nbd7 10. Bd3 Bxd3 11. Qxd3 O-O 12. O-O Rfd8 13. cxd5 exd5 14. b4 a6 15. a4 Qd6 16. Qb3 Rac8 17. Rc2 Nb6 18. Rfc1 g6 19. h3 Re8 20. b5 cxb5 21. axb5 a5 22. Rc5 Nfd7 23. Rxc8 Rxc8 24. Rxc8+ Nxc8 25. Qc3 Na7 26. Qxa5 Qb6 27. Qa2 Nf6 28. g4 h6 29. Ne5 Nxb5 30. Qa8+ Kg7 31. h4 Nd6 32. g5 hxg5 33. hxg5 Nfe4 34. Nxe4 Nxe4 35. Qe8 Qe6 36. Qd8 Qf5 37. f4 Nd2 38. Nd7 Qg4+ 39. Kf2 Ne4+ 40. Ke1 Qg1+ 41. Ke2 Qf2+ 42. Kd1 Qd2# 0-1


[Site "https://www.chess.com"]

[Event "Titled Tuesday Blitz December 27 Early 2022"]
[White "Bluebaum, Matthias"]
[Black "Xiong, Jeffery"]
[WhiteFideId "24651516"]
[BlackFideId "2047640"]
[WhiteElo "2669"]
[BlackElo "2692"]
[Result "0-1"]
[Round "11"]
[TimeControl "180+2"]
[Date "2022.12.27"]
[WhiteClock "0:00:02"]
[BlackClock "0:00:04"]

1. d4 d5 2. c4 c6 3. Nf3 Nf6 4. Nc3 e6 5. Qc2 dxc4 6. e4 b5 7. Be2 Bb7 8. O-O Na6 9. b3 cxb3 10. axb3 Nb4 11. Qb1 Be7 12. e5 Nfd5 13. Ne4 h6 14. Bd2 a5 15. Qc1 Qb6 16. h4 Rd8 17. Rd1 f5 18. exf6 Nxf6 19. Nc5 Bc8 20. Ne5 Rxd4 21. Be3 Bxc5 22. Qxc5 Qxc5 23. Bxd4 Qc2 24. Bf3 O-O 25. Rdc1 Qxb3 26. Rab1 Qa2 27. Ra1 Qd2 28. Bc3 Qd6 29. Ng6 Nd3 30. Rd1 Rd8 31. Bxa5 Rd7 32. Be2 Qc5 33. Bxd3 Ng4 34. Be1 Ne5 35. Nxe5 Qxe5 36. Rac1 Rd6 37. Bc3 Qf4 38. g3 Qf3 39. Bh7+ Kxh7 40. Rxd6 c5 41. Rd8 Bb7 42. Kf1 b4 43. Bd2 Ba6+ 44. Kg1 Bb7 45. Kf1 Qh1+ 46. Ke2 Ba6+ 47. Ke3 Qc6 48. Bxb4 Qb6 49. Bxc5 Qxd8 50. Bd4 Qd5 51. Rc5 Qb3+ 52. Rc3 Qb7 53. Rc5 Qf7 54. Be5 Bb7 55. f4 Qg6 56. Kf2 Qe4 57. Rc3 Qg2+ 58. Ke1 Bf3 59. Re3 Qg1+ 60. Kd2 Qxg3 61. Kd3 Qg6+ 62. Kd4 Bd5 63. Kc5 Qg1 64. Bd4 Qc1+ 65. Kd6 Qc6+ 66. Ke7 Qc7+ 67. Kf8 Qd8+ 68. Kf7 e5# 0-1


[Site "https://www.chess.com"]

[Event "Titled Tuesday Blitz December 27 Early 2022"]
[White "Bochnicka, Vladimir"]
[Black "Weetik, Vjacheslav"]
[WhiteFideId "14943450"]
[BlackFideId "4153472"]
[WhiteElo "2327"]
[BlackElo "2423"]
[Result "0-1"]
[Round "11"]
[TimeControl "180+2"]
[Date "2022.12.27"]
[WhiteClock "0:00:04"]
[BlackClock "0:00:05"]

1. e4 c6 2. d4 d5 3. e5 Bf5 4. h4 Qb6 5. Nf3 e6 6. Bd3 Bg4 7. c3 Nh6 8. O-O c5 9. Be3 Nc6 10. Nbd2 cxd4 11. Bxd4 Bc5 12. Qa4 O-O 13. Bxc5 Qxc5 14. Nb3 Qe7 15. Ng5 Bf5 16. Bxf5 Nxf5 17. Rfe1 Rac8 18. Qg4 b5 19. Rac1 b4 20. Nd4 Ncxd4 21. cxd4 b3 22. axb3 Qb4 23. Nf3 Qxb3 24. h5 Qxb2 25. Rxc8 Rxc8 26. Qf4 h6 27. g4 Ne7 28. g5 Nf5 29. gxh6 Nxh6 30. Ng5 Qc2 31. Kh1 Qf5 32. Qxf5 Nxf5 33. Ra1 Ra8 34. Ra6 Nxd4 35. f4 Nf5 36. Kg2 d4 37. Kf3 Rd8 38. Ke4 d3 39. Nf3 d2 40. Nxd2 Rxd2 41. Rxa7 Re2+ 42. Kd3 Re3+ 43. Kd2 Re4 44. Ra8+ Kh7 0-1


[Site "https://www.chess.com"]

[Event "Titled Tuesday Blitz December 27 Early 2022"]
[White "Bringas Gomez, Artai"]
[Black "Warchol, Kamil"]
[WhiteFideId "24534064"]
[BlackFideId "21858241"]
[WhiteElo "2206"]
[BlackElo "2173"]
[Result "1-0"]
[Round "11"]
[TimeControl "180+2"]
[Date "2022.12.27"]
[WhiteClock "0:00:47"]
[BlackClock "0:00:01"]

1. e4 c5 2. a3 Nc6 3. b4 e6 4. Nf3 d5 5. exd5 exd5 6. bxc5 Bxc5 7. d4 Bb6 8. c4 Nf6 9. Nc3 O-O 10. c5 Ba5 11. Bd2 Bg4 12. Be2 Bxf3 13. Bxf3 Nxd4 14. O-O Nxf3+ 15. Qxf3 Ne4 16. Nxe4 dxe4 17. Bxa5 exf3 18. Bxd8 Rfxd8 19. Rab1 fxg2 20. Rfe1 Rd7 21. Re3 Rc8 22. Reb3 g6 23. Rxb7 Rxb7 24. Rxb7 Rxc5 25. Rxa7 Rg5 26. a4 h5 27. a5 Rg4 28. a6 Kg7 29. Rb7 Ra4 30. a7 Kf6 31. Kxg2 Ke6 32. f4 Kf6 33. Kg3 Ke6 34. Kf3 Kf6 35. Ke3 Ra2 36. Ke4 Ke6 37. Kd4 Kf6 38. Kd5 Kg7 39. Kc6 Kf6 40. Kb6 Kg7 41. Rb8 Rb2+ 42. Kc5 Rc2+ 43. Kd4 Rd2+ 44. Ke3 Rb2 45. Rxb2 1-0


[Site "https://www.chess.com"]

[Event "Titled Tuesday Blitz December 27 Early 2022"]
[White "Buscar, Michael"]
[Black "Jenkins, Drake"]
[WhiteFideId "2603616"]
[BlackFideId "2022397"]
[WhiteElo "2041"]
[BlackElo "2130"]
[Result "1-0"]
[Round "11"]
[TimeControl "180+2"]
[Date "2022.12.27"]
[WhiteClock "0:01:43"]
[BlackClock "0:00:03"]

1. Nf3 Nf6 2. b3 g6 3. Bb2 Bg7 4. e4 d6 5. e5 dxe5 6. Bxe5 O-O 7. Be2 c5 8. O-O Nc6 9. Bb2 Nd4 10. Nxd4 cxd4 11. Na3 Bf5 12. d3 Rc8 13. Bf3 Qd7 14. Nc4 Nd5 15. a4 Nc3 16. Bxc3 dxc3 17. Re1 b6 18. Qe2 Bf6 19. Ne3 Be6 20. Ng4 Bg7 21. a5 b5 22. a6 Rfe8 23. Ne3 Bf6 24. Bb7 Rc5 25. Ra5 Qc7 26. b4 Re5 27. Qf3 1-0


[Site "https://www.chess.com"]

[Event "Titled Tuesday Blitz December 27 Early 2022"]
[White "Cardona, Liulia"]
[Black "Ezat, Mohamed"]
[WhiteFideId "3505189"]
[BlackFideId "10600906"]
[WhiteElo "2115"]
[BlackElo "2402"]
[Result "0-1"]
[Round "11"]
[TimeControl "180+2"]
[Date "2022.12.27"]
[WhiteClock "0:00:07"]
[BlackClock "0:01:14"]

1. e4 g6 2. d4 Bg7 3. Nc3 c6 4. Be3 d5 5. exd5 cxd5 6. Bb5+ Bd7 7. Bxd7+ Qxd7 8. Nf3 Nc6 9. Qd2 e6 10. Bf4 Nge7 11. O-O O-O 12. Ne5 Nxe5 13. dxe5 Nc6 14. Rfe1 Na5 15. b3 Rfc8 16. Ne2 Nc6 17. Nc1 Rc7 18. Nd3 Rac8 19. c3 a6 20. h4 h5 21. Re3 Na7 22. Ne1 Nb5 23. Rc1 d4 24. Rd3 dxc3 25. Qe3 Qe7 26. a4 Na3 27. Nf3 c2 28. Bg5 Qb4 29. Qf4 Qxf4 30. Bxf4 Rc3 31. Rxc3 Rxc3 32. Nd4 Bf8 33. Bd2 Rd3 34. Be3 Rd1+ 35. Kh2 Bc5 36. Nxc2 Rxc1 0-1


[Site "https://www.chess.com"]

[Event "Titled Tuesday Blitz December 27 Early 2022"]
[White "Cella, Glaucio Dalla Cortt"]
[Black "Roque Sola, Gisela"]
[WhiteFideId "2119455"]
[BlackFideId "5120241"]
[WhiteElo "1894"]
[BlackElo "2061"]
[Result "1-0"]
[Round "11"]
[TimeControl "180+2"]
[Date "2022.12.27"]
[WhiteClock "0:01:35"]
[BlackClock "0:01:11"]

1. e4 c5 2. Nf3 Nc6 3. c3 d5 4. exd5 Qxd5 5. d4 cxd4 6. Na3 e6 7. Nb5 Bd6 8. Bc4 Qe4+ 9. Be3 Bb8 10. Nbxd4 Nf6 11. O-O O-O 12. Re1 Qg4 13. h3 Qh5 14. Nxc6 bxc6 15. Qa4 Nd5 16. Qxc6 Nxe3 17. Rxe3 Bf4 18. Qxa8 Bxe3 19. fxe3 Ba6 20. Qc6 Bc8 21. Rd1 e5 22. Qc7 e4 23. Rd8 exf3 24. Rxf8+ Kxf8 25. Qd8# 1-0


[Site "https://www.chess.com"]

[Event "Titled Tuesday Blitz December 27 Early 2022"]
[White "Cnejev, Vladimir-Alexandru"]
[Black "Bryakin, Mikhail"]
[WhiteFideId "1260898"]
[BlackFideId "4165314"]
[WhiteElo "2374"]
[BlackElo "2455"]
[Result "1/2-1/2"]
[Round "11"]
[TimeControl "180+2"]
[Date "2022.12.27"]
[WhiteClock "0:00:19"]
[BlackClock "0:00:31"]

1. e4 c5 2. Nf3 d6 3. Bb5+ Nd7 4. O-O a6 5. Bd3 g6 6. Re1 Bg7 7. c3 e5 8. Bc2 Ne7 9. d4 O-O 10. a4 b6 11. Nbd2 Bb7 12. d5 h6 13. c4 a5 14. Nf1 Bc8 15. N3d2 Nf6 16. Ne3 Kh7 17. Rf1 h5 18. Nf3 Bh6 19. h4 Ng4 20. Ng5+ Kg7 21. Nxg4 Bxg4 22. f3 Bd7 23. f4 f6 24. fxe5 dxe5 25. Nf3 Bxc1 26. Qxc1 Nc8 27. Rf2 Nd6 28. Bd3 Bg4 29. Qc2 Qe7 30. Raf1 Rae8 31. b3 f5 32. Ng5 f4 33. Be2 Bd7 34. Qc3 Rf6 35. g3 f3 36. Rxf3 Rxf3 37. Rxf3 Rf8 38. Rxf8 Kxf8 39. Qf3+ Kg7 40. Qf2 Ne8 41. Bf3 Nf6 42. Qe3 Bc8 43. Qe2 Bd7 44. Qe3 Qd8 45. Qe2 Qc8 46. Qb2 Qc7 47. Qd2 Ne8 48. Qe3 Nd6 49. Qf2 Qd8 50. Be2 Qe7 51. Qe3 Bc8 52. Qf2 Ne8 53. Qe3 Nf6 54. Bf3 Bd7 55. Qf2 Ne8 56. Qe3 Nd6 57. Qd2 Kf8 58. Qf2 Ke8 59. Qe3 Kd8 60. Qd2 Kc7 61. Qf2 Kb7 62. Bg2 Bg4 63. Bf3 Bd7 64. Bg2 Kc7 65. Bf3 Ne8 66. Bg2 Nf6 67. Bf3 Bc8 68. Qe2 Qd7 69. Qb2 Qe7 70. Qf2 Bd7 71. Qe3 Kc8 72. Qf2 Ne8 73. Bg2 Nd6 74. Bf3 Kb7 1/2-1/2


[Site "https://www.chess.com"]

[Event "Titled Tuesday Blitz December 27 Early 2022"]
[White "Csonka, Balazs"]
[Black "Hnydiuk, Aleksander"]
[WhiteFideId "742910"]
[BlackFideId "1109057"]
[WhiteElo "2496"]
[BlackElo "2363"]
[Result "1/2-1/2"]
[Round "11"]
[TimeControl "180+2"]
[Date "2022.12.27"]
[WhiteClock "0:00:24"]
[BlackClock "0:00:57"]

1. d4 Nf6 2. c4 g6 3. Nc3 Bg7 4. e4 d6 5. Be2 O-O 6. Be3 e5 7. Nf3 Bg4 8. dxe5 Bxf3 9. Bxf3 dxe5 10. Qxd8 Rxd8 11. Nd5 Na6 12. Bg5 Rd6 13. O-O-O Nxd5 14. cxd5 h5 15. Kb1 Kh7 16. Rc1 Bh6 17. Bxh6 Kxh6 18. Be2 Rc8 19. Bxa6 Rxa6 20. Rc3 c6 21. Rhc1 Kg5 22. h3 Rd8 23. dxc6 Rxc6 24. Rxc6 bxc6 25. Rxc6 Rd1+ 26. Rc1 Rd2 27. Rc2 Rd1+ 28. Rc1 Rd2 29. Rc2 Rd1+ 30. Rc1 1/2-1/2


[Site "https://www.chess.com"]

[Event "Titled Tuesday Blitz December 27 Early 2022"]
[White "Deac, Bogdan-Daniel"]
[Black "Xu, Yi"]
[WhiteFideId "1226380"]
[BlackFideId "8605564"]
[WhiteElo "2700"]
[BlackElo "2527"]
[Result "1-0"]
[Round "11"]
[TimeControl "180+2"]
[Date "2022.12.27"]
[WhiteClock "0:00:16"]
[BlackClock "0:00:02"]

1. Nf3 d5 2. g3 Nf6 3. Bg2 e6 4. O-O Be7 5. c4 O-O 6. d3 c5 7. Ne5 b6 8. Nc3 Bb7 9. f4 Nc6 10. e3 Rc8 11. Qe2 Qd6 12. Nxc6 Bxc6 13. e4 dxe4 14. dxe4 Qc7 15. e5 Bxg2 16. Kxg2 Nd7 17. Be3 Nb8 18. Rad1 Nc6 19. Rd2 Rcd8 20. Rfd1 Rxd2 21. Rxd2 Rd8 22. b3 Rxd2 23. Bxd2 Nd4 24. Qe4 Qc6 25. Be3 Qxe4+ 26. Nxe4 Nc6 27. Bd2 f5 28. exf6 gxf6 29. g4 Kf7 30. Ng3 Bd6 31. Kf3 Nd4+ 32. Ke4 Kg6 33. f5+ Kf7 34. Be1 exf5+ 35. gxf5 Be5 36. Nf1 Ke7 37. h3 Kd6 38. Ne3 Ne2 39. Ng4 Nc3+ 40. Bxc3 Bxc3 41. Nf2 Bd4 42. Nd3 a5 43. Nf4 Kc6 44. a4 Be5 45. Ne6 Kd6 46. h4 Ke7 47. Kd5 h5 48. Ng7 Bg3 49. Nxh5 Bxh4 50. Kc6 Be1 51. Nf4 Bb4 52. Nd5+ Kf7 53. Kxb6 1-0


[Site "https://www.chess.com"]

[Event "Titled Tuesday Blitz December 27 Early 2022"]
[White "Demin, Vladimir"]
[Black "Berezin, Viktor"]
[WhiteFideId "4167457"]
[BlackFideId "14107872"]
[WhiteElo "2430"]
[BlackElo "2307"]
[Result "1-0"]
[Round "11"]
[TimeControl "180+2"]
[Date "2022.12.27"]
[WhiteClock "0:00:09"]
[BlackClock "0:00:01"]

1. d4 Nf6 2. Nc3 d6 3. e4 g6 4. h4 h5 5. Nh3 Bg7 6. Ng5 O-O 7. Be3 c6 8. a4 a5 9. f3 Nbd7 10. Qd2 e5 11. Bc4 d5 12. exd5 Nb6 13. Bb3 Nfxd5 14. Nxd5 Nxd5 15. dxe5 Bxe5 16. O-O-O Qf6 17. Bd4 Bf5 18. Bxe5 Qxe5 19. Rhe1 Qg3 20. Ne4 Qxh4 21. g4 Bxe4 22. fxe4 Nf6 23. Qh6 Nh7 24. Rh1 Qg5+ 25. Qxg5 Nxg5 26. gxh5 Kg7 27. hxg6 Rad8 28. gxf7 Nxe4 29. Rdg1+ Kf6 30. Rf1+ Ke5 31. Rh5+ Kd6 32. Rh6+ Kc7 33. Re6 Nd6 34. Re7+ Rd7 35. Rxd7+ Kxd7 36. Kd2 Ke7 37. Kd3 Nxf7 38. Bxf7 Rxf7 39. Rxf7+ Kxf7 40. Kd4 b6 41. Ke5 Ke7 42. c3 Kd7 43. b4 Ke7 44. Kd4 Kd6 45. Kc4 c5 46. bxa5 bxa5 47. Kb5 Kd5 48. Kxa5 1-0


[Site "https://www.chess.com"]

[Event "Titled Tuesday Blitz December 27 Early 2022"]
[White "Derjabin, Ilja"]
[Black "Legenia, Artem"]
[WhiteFideId "14104768"]
[BlackFideId "14136945"]
[WhiteElo "2333"]
[BlackElo "2092"]
[Result "1-0"]
[Round "11"]
[TimeControl "180+2"]
[Date "2022.12.27"]
[WhiteClock "0:00:27"]
[BlackClock "0:00:50"]

1. d4 d5 2. c4 e6 3. Nc3 Nf6 4. Bg5 Be7 5. cxd5 exd5 6. e3 Nbd7 7. Bd3 a6 8. Nge2 h6 9. Bh4 O-O 10. Qc2 Re8 11. O-O c6 12. f3 Nf8 13. Rad1 N6d7 14. Bxe7 Qxe7 15. e4 dxe4 16. fxe4 Nf6 17. e5 Nd5 18. Rf3 Ne6 19. Ne4 Nb4 20. Qd2 Nxd3 21. Qxd3 Ng5 22. Rg3 Bf5 23. N2c3 Nxe4 24. Nxe4 Bxe4 25. Qxe4 Rad8 26. Rf1 Qe6 27. Rf6 Qc4 28. Rg4 Kh8 29. Rf1 Qd5 30. Qxd5 Rxd5 31. Rxf7 1-0


[Site "https://www.chess.com"]

[Event "Titled Tuesday Blitz December 27 Early 2022"]
[White "Devaev, Alexander"]
[Black "Lehtosaari, Mauri"]
[WhiteFideId "4169395"]
[BlackFideId "501999"]
[WhiteElo "2325"]
[BlackElo "2176"]
[Result "0-1"]
[Round "11"]
[TimeControl "180+2"]
[Date "2022.12.27"]
[WhiteClock "0:00:01"]
[BlackClock "0:00:24"]

1. Nf3 d5 2. c4 c6 3. e3 Nf6 4. b3 Bg4 5. Bb2 e6 6. d4 Bb4+ 7. Bc3 Bd6 8. Nbd2 Ne4 9. Nxe4 dxe4 10. h3 Bh5 11. g4 Bg6 12. Nd2 f5 13. Be2 O-O 14. Qc2 Nd7 15. O-O-O a5 16. Rdg1 Bb4 17. gxf5 exf5 18. h4 Bxc3 19. Qxc3 Qf6 20. Kb2 Bf7 21. Rg5 h6 22. Rg2 Kh7 23. h5 a4 24. Rhg1 Rg8 25. f4 axb3 26. axb3 Qe7 27. Nb1 Nf6 28. Rg6 b6 29. Bd1 Qa7 30. Kc1 Qa2 31. R6g2 Qa6 32. Be2 Qa7 33. Bd1 Qe7 34. Bc2 b5 35. c5 Nd5 36. Qb2 Bxh5 37. Bd1 Bxd1 38. Rxd1 Nxe3 39. Rdg1 Nxg2 40. Qxg2 Qf6 41. Rd1 Rad8 42. Qf2 Rge8 43. Qe3 Rd7 44. Nc3 Red8 45. Ne2 Qe6 46. Kb2 b4 47. Rg1 Ra8 48. Qg3 Qf6 49. Qe3 Rda7 50. Nc1 Ra1 0-1


[Site "https://www.chess.com"]

[Event "Titled Tuesday Blitz December 27 Early 2022"]
[White "Dilmukhametov, Artur"]
[Black "Guevara Sanchez, Erick Marvin"]
[WhiteFideId "24179922"]
[BlackFideId "6700136"]
[WhiteElo "2276"]
[BlackElo "2073"]
[Result "0-1"]
[Round "11"]
[TimeControl "180+2"]
[Date "2022.12.27"]
[WhiteClock "0:02:10"]
[BlackClock "0:02:31"]

1. d4 Nf6 2. Nc3 e6 3. e4 d5 4. e5 Nfd7 5. Nf3 c5 6. Be2 Nc6 7. a4 cxd4 8. Nxd4 Ncxe5 9. O-O Bc5 10. Bf4 Nc6 11. Nxc6 bxc6 12. Bd3 Qf6 13. Qg4 Nb6 14. Bg5 Qd4 15. Be3 Qxg4 0-1


[Site "https://www.chess.com"]

[Event "Titled Tuesday Blitz December 27 Early 2022"]
[White "Dimitrov, Atanas"]
[Black "Kazancev, Valerij M"]
[WhiteFideId "2901315"]
[BlackFideId "4179609"]
[WhiteElo "2269"]
[BlackElo "2313"]
[Result "0-1"]
[Round "11"]
[TimeControl "180+2"]
[Date "2022.12.27"]
[WhiteClock "0:00:01"]
[BlackClock "0:00:14"]

1. e4 g6 2. Nc3 Bg7 3. d4 e6 4. Nf3 Ne7 5. Be3 a6 6. Bd3 h6 7. Qd2 b5 8. h4 d6 9. Ne2 Nd7 10. c3 Bb7 11. Ng3 c5 12. Bc2 Rc8 13. dxc5 dxc5 14. O-O-O Qc7 15. Kb1 Nb6 16. Qe2 Nc4 17. Bc1 O-O 18. Nd2 Nb6 19. Ndf1 b4 20. cxb4 cxb4 21. Ne3 Nc6 22. Ng4 h5 23. Nh6+ Kh7 24. Nxh5 Bxh6 25. Nf6+ Kg7 26. Bxh6+ Kxh6 27. h5 g5 28. Ng4+ Kg7 29. e5 Ne7 30. Be4 Bxe4+ 31. Qxe4 Qc6 32. Qe3 Qc2+ 33. Ka1 Qf5 34. h6+ Kh8 35. Qxb6 Qxg4 36. Qxa6 Nd5 37. f3 Qf5 38. Qe2 b3 39. a3 Nb4 40. Rc1 Nc2+ 0-1


[Site "https://www.chess.com"]

[Event "Titled Tuesday Blitz December 27 Early 2022"]
[White "Estrada Nieto, Julian"]
[Black "Fabris, Alberto"]
[WhiteFideId "5101018"]
[BlackFideId "801348"]
[WhiteElo "2215"]
[BlackElo "2230"]
[Result "1-0"]
[Round "11"]
[TimeControl "180+2"]
[Date "2022.12.27"]
[WhiteClock "0:00:05"]
[BlackClock "0:00:01"]

1. Nf3 Nf6 2. g3 b6 3. Bg2 Bb7 4. O-O e6 5. b3 Be7 6. Bb2 O-O 7. c4 d5 8. d3 c5 9. Nbd2 d4 10. b4 Qc7 11. Nb3 e5 12. bxc5 bxc5 13. Bc1 Nc6 14. Bg5 Nd7 15. Bxe7 Nxe7 16. Qd2 f6 17. Qa5 Rfc8 18. Rab1 Bc6 19. Qxc7 Rxc7 20. Na5 Rb8 21. Rb3 Rxb3 22. axb3 Ba8 23. Ra1 Nc8 24. Bh3 Ndb6 25. Nd2 Kf7 26. f3 g6 27. Bxc8 Nxc8 28. Kf2 f5 29. Nb1 Ke6 30. Na3 Nd6 31. Nb5 Nxb5 32. cxb5 Kd5 33. Nc4 Rb7 34. b6 axb6 35. Rxa8 b5 36. Rd8+ Ke6 37. Nd2 Ra7 38. Rb8 Ra2 39. Ke1 Ra1+ 40. Kf2 Ra2 41. Rb6+ Kd5 42. e4+ dxe3+ 43. Kxe3 f4+ 44. Ke2 b4 45. gxf4 exf4 46. Rf6 Ke5 47. Rf7 h5 48. Rc7 Kd5 49. Rg7 Kd4 50. Rc7 Rb2 51. h4 Ra2 52. Rc6 Kd5 53. Rxg6 Kd4 54. Rg5 Rb2 55. Rxh5 Ra2 56. Rg5 c4 57. dxc4 Kc3 58. Rd5 Ra1 59. h5 Rh1 60. Ne4+ Kxb3 61. c5 Kc4 62. Rf5 Rh2+ 63. Kf1 b3 64. Rf8 b2 65. Rb8 Rh1+ 66. Kg2 b1=Q 67. Rxb1 Rxb1 68. h6 Kd5 69. h7 Rb8 70. Nf6+ Kxc5 71. Ng8 1-0


[Site "https://www.chess.com"]

[Event "Titled Tuesday Blitz December 27 Early 2022"]
[White "Feng, Eric"]
[Black "Shubenkova, Veronika"]
[WhiteFideId "30952590"]
[BlackFideId "44124040"]
[WhiteElo "1951"]
[BlackElo "1960"]
[Result "1-0"]
[Round "11"]
[TimeControl "180+2"]
[Date "2022.12.27"]
[WhiteClock "0:00:11"]
[BlackClock "0:00:02"]

1. d4 d5 2. c4 e6 3. Nf3 Nf6 4. g3 Be7 5. Bg2 O-O 6. O-O c6 7. Nbd2 Nbd7 8. Qc2 Re8 9. e4 dxe4 10. Nxe4 Nxe4 11. Qxe4 Nf6 12. Qe2 Bd6 13. Rd1 Bd7 14. h4 h6 15. Bd2 Qc7 16. c5 Bf8 17. Bf4 Qd8 18. Ne5 Nd5 19. Qf3 Nxf4 20. Qxf4 f6 21. Nc4 Qb8 22. Qf3 Qc7 23. Re1 Rad8 24. Rad1 Bc8 25. Bh3 Rd5 26. b4 Qd8 27. Re4 f5 28. Ree1 Rxd4 29. Nd6 Rxd1 30. Rxd1 Bxd6 31. Rxd6 Qf6 32. Qd3 Qa1+ 33. Bf1 Qxa2 34. Rd8 Kf7 35. Qd6 e5 36. Qc7+ Re7 37. Qxc8 Qb1 38. Kh2 Qc2 39. Kg1 Kg6 40. Rf8 Qe4 41. Bh3 Qe1+ 42. Kg2 Qe4+ 43. Kh2 Rf7 44. Qe8 Qc4 45. h5+ Kf6 46. Qd8+ Ke6 47. Qd6# 1-0


[Site "https://www.chess.com"]

[Event "Titled Tuesday Blitz December 27 Early 2022"]
[White "Fernandez Garcia, Gumersindo"]
[Black "Hartikainen, Jarmo"]
[WhiteFideId "24516740"]
[BlackFideId "503134"]
[WhiteElo "2160"]
[BlackElo "2108"]
[Result "1-0"]
[Round "11"]
[TimeControl "180+2"]
[Date "2022.12.27"]
[WhiteClock "0:00:39"]
[BlackClock "0:00:16"]

1. e4 c5 2. a3 e6 3. b4 d5 4. exd5 exd5 5. Nf3 Nf6 6. Bb2 Be7 7. Bb5+ Nc6 8. Ne5 Qc7 9. O-O O-O 10. Nxc6 bxc6 11. Bd3 c4 12. Be2 Bf5 13. Nc3 Rad8 14. Bf3 d4 15. Ne2 c3 16. Bc1 d3 17. cxd3 Bxd3 18. Nxc3 Bxf1 19. Qxf1 Nd5 20. Nxd5 cxd5 21. Bb2 d4 22. Qd3 Bf6 23. Rc1 Qe5 24. g3 Rc8 25. Rxc8 Rxc8 26. Kg2 Qc7 27. Qf5 Qc2 28. Be4 Qxb2 29. Qxc8+ 1-0


[Site "https://www.chess.com"]

[Event "Titled Tuesday Blitz December 27 Early 2022"]
[White "Fernandez Siles, Luis"]
[Black "Kvaloy, Aksel Bu"]
[WhiteFideId "2209420"]
[BlackFideId "1528815"]
[WhiteElo "2218"]
[BlackElo "2321"]
[Result "0-1"]
[Round "11"]
[TimeControl "180+2"]
[Date "2022.12.27"]
[WhiteClock "0:00:04"]
[BlackClock "0:00:01"]

1. d4 Nf6 2. c4 e6 3. Nf3 d5 4. Nc3 Bb4 5. cxd5 exd5 6. Bg5 h6 7. Qa4+ Nc6 8. Bxf6 Qxf6 9. e3 O-O 10. Be2 Be6 11. O-O a6 12. Ne5 Bd6 13. f4 b5 14. Qd1 Ne7 15. Rc1 Nf5 16. Qd2 c5 17. Bf3 Rac8 18. Bxd5 cxd4 19. Ne4 Qe7 20. Rxc8 Rxc8 21. Nc6 Qd7 22. Bxe6 Qxe6 23. Nxd6 dxe3 24. Qd3 Nxd6 25. Nd4 Qe7 26. Re1 Re8 27. Nf3 Nc4 28. b3 Nb6 29. Ne5 f6 30. Qxe3 Nd5 31. Qd4 Qb7 32. Nf3 Rxe1+ 33. Nxe1 Ne7 34. Nf3 Kf7 35. h3 Qc6 36. Kh2 Qc2 37. Qd2 Qxd2 38. Nxd2 Nd5 39. Kg3 Nb4 40. a3 Nc2 41. a4 Nd4 42. axb5 axb5 43. b4 Nc2 44. Nb3 Nxb4 45. Nd4 Nd5 46. Nxb5 f5 47. Kf3 Kf6 48. g4 g6 49. Nd4 Ne7 0-1


[Site "https://www.chess.com"]

[Event "Titled Tuesday Blitz December 27 Early 2022"]
[White "Garcia Ramos, Daniel"]
[Black "Costachi, Mihnea"]
[WhiteFideId "32010311"]
[BlackFideId "1217518"]
[WhiteElo "2442"]
[BlackElo "2476"]
[Result "0-1"]
[Round "11"]
[TimeControl "180+2"]
[Date "2022.12.27"]
[WhiteClock "0:00:02"]
[BlackClock "0:00:06"]

1. e4 e5 2. Nf3 Nc6 3. Bc4 Bc5 4. c3 Nf6 5. d4 exd4 6. e5 d5 7. Be2 Ne4 8. cxd4 Be7 9. O-O f6 10. exf6 Bxf6 11. Nc3 O-O 12. Be3 Ne7 13. Re1 Nf5 14. Bf4 c6 15. h3 Nxc3 16. bxc3 Nd6 17. Be5 Nf7 18. Bxf6 Qxf6 19. Qc2 Bf5 20. Bd3 Bxd3 21. Qxd3 Nd6 22. Re5 Nc4 23. Re2 Rae8 24. Rae1 Rxe2 25. Qxe2 a5 26. Qe7 b5 27. Qd7 Nd2 28. Re3 Ne4 29. Qc7 a4 30. h4 h6 31. h5 Re8 32. Qd7 Re7 33. Qc8+ Kh7 34. Qg4 Rf7 35. Qg6+ Kg8 36. Qg4 Qf5 37. Qxf5 Rxf5 38. Ne5 Rf6 39. f3 Nd2 40. g4 Nc4 41. Nxc4 dxc4 42. Kf2 Kf7 43. a3 Rd6 44. Re5 Re6 45. f4 Rxe5 46. fxe5 Ke6 47. Ke3 Kd5 48. Kf4 b4 49. cxb4 c3 50. Ke3 Kc4 51. e6 Kb3 52. e7 c2 53. e8=Q c1=Q+ 54. Kf2 Qf4+ 55. Ke2 Qxg4+ 56. Kd3 Kxa3 57. Qe3 Kxb4 58. Qd2+ Kb5 59. Qb2+ Ka6 60. Qb4 Qf3+ 61. Kd2 Qf2+ 62. Kd3 Qf3+ 63. Kd2 Qg2+ 64. Kd3 Qa2 65. Qc5 Qb3+ 66. Ke4 Qb5 67. Qc3 Qd5+ 68. Ke3 Qb3 69. Kd3 Kb5 70. Qxb3+ axb3 71. Kc3 b2 0-1


[Site "https://www.chess.com"]